 Dungeon Crawl Stone Soup version 0.30-a0-29-g142975f185 (webtiles) character file.

Game seed: 4235322927612872393

4 hydro the Vexing (level 1, 0/13 HPs)
             Began as an Octopode Arcane Marksman on Aug 25, 2022.
             Slain by a jackal (1 damage)
             ... on level 1 of the Dungeon.
             The game lasted 00:02:26 (79 turns).

hydro the Vexing (Octopode Arcane Marksman)           Turns: 79, Time: 00:02:26

Health: 0/13       AC:  1    Str:  9    XL:     1   Next: 60%
Magic:  0/2        EV: 13    Int: 15    God:
Gold:   19         SH:  0    Dex: 12    Spells: 1/2 levels left

rFire   . . .      SeeInvis .    a - +1 sling
rCold   . . .      Faith    .    (no shield)
rNeg    . . .      Spirit   .    (helmet restricted)
rPois   .          Reflect  .    (no amulet)
rElec   .          Harm     .    (no ring)
rCorr   .          Rampage  .    (no ring)
Will    .....                    (no ring)
Stlth   ++........               (no ring)
HPRegen 0.04/turn                (no ring)
MPRegen 0.08/turn                (no ring)
                                 (no ring)
                                 (no ring)

@: no status effects
A: almost no armour, amphibious, 8 rings, camouflage 1, gelatinous body 1,
(nimble swimmer 1), tentacles
a: no special abilities


You were on level 1 of the Dungeon.
You visited 1 branch of the dungeon, and saw 1 of its levels.

You collected 19 gold pieces.

Inventory:

Hand Weapons
 a - a +1 sling (weapon)
Missiles
 d - 4 poisoned darts
Scrolls
 b - a scroll of poison
 e - a scroll of enchant weapon {unknown}
Potions
 c - a potion of invisibility {unknown}


   Skills:
 + Level 1.1 Fighting
 + Level 2.1 Ranged Weapons
 + Level 2.1 Dodging
 + Level 1.1 Spellcasting
 - Level 3.0 Hexes


You had one spell level left.
You knew the following spells:

 Your Spells              Type           Power      Damage    Failure   Level
a - Slow                  Hex            36%        N/A       7%          1

Your spell library contained the following spells:

 Spells                   Type           Power      Damage    Failure   Level
 Inner Flame              Hex/Fire       5%         N/A       36%         3
 Portal Projectile        Hex/Tloc       10%        N/A       36%         3
 Cause Fear               Hex            4%         N/A       56%         4


Dungeon Overview and Level Annotations

Branches:
Dungeon (1/15)

Altars:


Innate Abilities, Weirdness & Mutations

You cannot wear most types of armour.
You are amphibious.
You can wear up to eight rings at the same time.
Your skin changes colour to match your surroundings (Stealth+).
Your rubbery body absorbs attacks. (AC +1, EV +1)
((You are camouflaged when in or above water. (Stealth+)))
You have tentacles for arms and can constrict up to eight enemies at once.


Message History

Press: ? - help, Shift-Dir - straight line, f/p - jackal
Aim: a jackal (heavily wounded, slow, 47% to hit)
You shoot a sling bullet.
The sling bullet closely misses the jackal.
The jackal closely misses you. The jackal bites you.
* * * LOW HITPOINT WARNING * * *
Fire: a) +1 sling
Press: ? - help, Shift-Dir - straight line, f/p - jackal
Aim: a jackal (heavily wounded, slow, 47% to hit)
You shoot a sling bullet.
The sling bullet closely misses the jackal.
The jackal barely misses you.
Unknown command.
Fire: a) +1 sling
Press: ? - help, Shift-Dir - straight line, f/p - jackal
Aim: a jackal (heavily wounded, slow, 47% to hit)
You shoot a sling bullet.
The sling bullet barely misses the jackal.
The jackal closely misses you.
Unknown command.
You aren't carrying any items that you can evoke.
Unknown command.
Fire: a) +1 sling
Press: ? - help, Shift-Dir - straight line, f/p - jackal
Aim: a jackal (heavily wounded, slow, 47% to hit)
You shoot a sling bullet.
The sling bullet barely misses the jackal.
The jackal closely misses you.
Unknown command.
You aren't carrying any items that you can evoke.
Sorry, you're not good enough to have a special ability.
Unknown command.
The jackal is no longer moving slowly.
Casting: Slow (safe; 7% risk of failure)
Confirm with . or Enter, or press ? or * to list all spells.
Aiming: Slow (safe; 7% risk of failure)
Press: ? - help, Shift-Dir - straight line, f/p - jackal
Aim: a jackal (heavily wounded, chance to affect: 64%)
The jackal seems to slow down.
The jackal bites you.
You die...

#.# #.# ###.# .... ..#
#.# .#########.######
..........h@....#
######.#######.#
#.#######.######
#######.##~~~~♣~♣~~~~#
.......†.#~.P.....P.~#
#
#######.##~PPP...PPP~#
.# #.##♣.P.....P.♣#.
#)..~....<....~..
####..#♣.♣.....P.♣##


You could see a jackal (slow).

Vanquished Creatures
  2 jackals (D:1)
  A kobold (D:1)
  A rat (D:1)
4 creatures vanquished.

Notes
Turn   | Place    | Note
-------+----------+-------------------------------------------
     0 | D:1      | hydro the Octopode Arcane Marksman began the quest for the
                  | Orb.
     0 | D:1      | Reached XP level 1. HP: 13/13 MP: 2/2
    79 | D:1      | Slain by a jackal

Illustrated notes

Levels and vault maps discovered:
D:1:      ldierk_walled_garden, layout_loops_ring,
          hellmonk_ecumenical_altar_leap_of_faith, nicolae_figureground_sparkle

Action                   || total
-------------------------++-------
 Fire: Sling             ||    17
 Cast: Slow              ||     5
Armor: Skin              ||     2
Dodge: Dodged            ||    14

Table legend: (Time is in decaauts)
 A = Elapsed time spent in this place.
 B = Non-inter-level travel time spent in this place.
 C = Inter-level travel time spent in this place.
 D = Time resting spent in this place.
 E = Time spent auto-exploring this place.
 F = Levels seen in this place.
 G = Mean time per level.
                   A        B        C        D        E       F      G
               +--------+--------+--------+--------+--------+-----+--------+
         Total |     84 |     84 |      0 |      0 |     18 |   1 |   84.0 |
       Dungeon |     84 |     84 |      0 |      0 |     18 |   1 |   84.0 |
               +--------+--------+--------+--------+--------+-----+--------+

Top non-repeatable levels by time:
     D:1: 84 daAuts
